Map: Orbital Shipyard

Players

ZhuN

  • Race: Zerg Zerg
  • League: Platinum

Arranion - Winner!

  • Race: Zerg Zerg
  • League: Gold

VOD

Have the link to the VOD?

Description

Time

  • Played on: Feb. 4, 2016, 1:01 p.m.
  • Length: 11:12
Show
View Real Time Build Order
Export as new Build Order

ZhuN Zerg 

Build Orders: Pool First 

Get SALT Encoding   

  12  0:02  Drone  
  13  0:15  Overlord  
  13  0:21  Drone  
  14  0:34  Drone x2  
  16  0:40  Drone  
  17  0:45  Extractor  
  17  0:50  Drone  
  17  1:01  Drone  
  18  1:11  Drone  
  19  1:16  Spawning Pool  
  18  1:29  Hatchery  
  17  1:36  Overlord  
  17  1:39  Drone  
  18  1:43  Overlord  
  18  2:04  Spine Crawler, Queen  
  18  2:05  Zergling x4  
  21  2:14  Zergling x2  
  22  2:23  Baneling Nest  
  22  2:25  Metabolic Boost  
  22  2:29  Zergling x2  
  22  2:36  Zergling x2  
  23  2:45  Zergling x2  
  23  2:47  Queen  
  23  2:49  Zergling x2  
  27  2:53  Zergling x2  
  28  3:00  Drone  
  29  3:08  Zergling x2  
  30  3:13  Zergling x6  
  30  3:16  Zergling x2  
  34  3:21  Zergling x2  
  35  3:28  Overlord  
  35  3:34  Overlord  
  35  3:51  Baneling x5  
  35  3:55  Zergling x6  
  38  4:01  Baneling x2  
  33  4:04  Zergling x2  
  33  4:05  Zergling x2  
  28  4:37  Zergling x12  
  32  4:42  Roach Warren  
  31  4:53  Drone x3  
  34  5:12  Drone x2  
  34  5:13  Drone x2  
  38  5:15  Drone x3  
  38  5:19  Extractor  
  40  5:24  Drone x2  
  41  5:42  Roach x2  
  47  5:43  Roach x2  
  46  5:58  Drone  
  46  5:59  Drone x2  
  46  6:00  Drone x2  
  46  6:02  Overlord x2  
  50  6:18  Overlord  
  50  6:19  Overlord x2  
  50  6:23  Roach  
  52  6:38  Baneling x3  
  52  6:39  Roach x4  
  62  6:40  Roach  
  59  6:50  Roach x2  
  59  6:53  Roach  
  59  6:54  Roach x2  
  68  7:00  Roach x2  
  72  7:22  Roach x4  
  80  7:32  Overlord x2  
  80  7:34  Roach x4  
  88  7:47  Drone x4  
  88  7:50  Extractor  
  91  7:51  Extractor  
  90  7:58  Roach  
  90  7:59  Roach  
  90  8:05  Evolution Chamber x2  
  92  8:14  Drone x3  
  92  8:15  Drone x2  
  97  8:20  Hatchery, Drone  
  95  8:47  Roach x5  
  95  8:48  Roach  
  107  9:02  Overlord x2  
  107  9:03  Overlord  
  101  9:27  Roach x4  
  79  9:34  Roach x2  
Show
View Real Time Build Order
Export as new Build Order

Arranion Zerg - Winner!

Build Orders: Pool First, Zergling Baneling 

Get SALT Encoding   

  12  0:01  Drone  
  13  0:11  Drone  
  14  0:26  Spawning Pool  
  13  0:29  Drone  
  14  0:37  Overlord  
  14  0:43  Extractor  
  14  0:44  Drone  
  15  0:57  Drone  
  16  1:13  Drone x3  
  16  1:16  Queen  
  21  1:19  Extractor  
  20  1:34  Hatchery  
  20  1:37  Drone  
  20  1:40  Drone  
  21  1:49  Drone  
  22  2:01  Overlord  
  22  2:21  Zergling x2  
  23  2:23  Drone  
  23  2:28  Drone x3  
  23  2:29  Metabolic Boost  
  27  2:42  Spine Crawler  
  26  2:51  Baneling Nest, Queen  
  25  2:53  Drone x3  
  30  3:05  Drone  
  31  3:06  Drone x4  
  35  3:14  Spine Crawler  
  35  3:15  Zergling x2  
  35  3:25  Zergling x2  
  36  3:29  Overlord x2  
  36  3:35  Baneling x2  
  36  3:48  Zergling x10  
  36  3:51  Baneling x2  
  39  4:04  Drone  
  39  4:05  Drone x7  
  47  4:10  Roach Warren  
  47  4:14  Zergling x4  
  38  4:35  Zergling x16  
  42  4:50  Spine Crawler  
  41  4:53  Baneling x4  
  41  4:54  Baneling  
  41  4:56  Drone x4  
  45  5:02  Extractor  
  44  5:23  Zergling x14  
  44  5:24  Zergling x2  
  44  5:25  Overlord  
  50  5:52  Roach x5  
  50  5:54  Overlord x3  
  59  5:58  Baneling x2  
  59  5:59  Baneling x2  
  58  6:20  Lair  
  58  6:39  Drone x7  
  65  6:40  Drone  
  65  6:42  Extractor  
  65  6:44  Extractor  
  62  6:55  Roach x6  
  69  7:21  Glial Reconstitution  
  69  7:24  Drone x2  
  71  7:32  Roach x6  
  71  7:35  Overlord x2  
  71  7:36  Overlord x2  
  83  7:52  Overlord x2  
  83  8:00  Roach x5  
  93  8:15  Evolution Chamber  
  92  8:30  Roach x10  
  107  8:53  Roach  
  107  8:54  Roach x3  
  115  8:57  Ravager x6  
  121  9:19  Hatchery  
  110  9:32  Zergling x2  
  110  9:33  Zergling x22  
Tags
 
Add a new tag
Caveats
  • Supply blocks, unpowered buildings, or Contaminate may cause inaccurate times.
  • Supply counts are checked every 10 seconds.